 Dungeon Crawl Stone Soup version 0.20-a0-303-g575bbf7 (webtiles) character file.

8278 FitzyFitz the Cleaver (level 11, -10/84 HPs)
             Began as a Demonspawn Warper on Dec 16, 2016.
             Was a Priest of Dithmenos.
             Engulfed by a cloud of flame (18 damage)
             ... on level 10 of the Dungeon.
             The game lasted 01:04:18 (18132 turns).

FitzyFitz the Cleaver (Demonspawn Warper)          Turns: 18132, Time: 01:04:19

Health: -10/84     AC:  9    Str: 12    XL:     11   Next: 7%
Magic:  0/14       EV: 12    Int: 18    God:    Dithmenos [***...]
Gold:   365        SH:  5    Dex: 12    Spells: 2/15 levels left

rFire  . . .     SeeInvis .     a - +0 broad axe
rCold  + . .     Gourm    .     j - +2 robe {rN+}
rNeg   + . .     Faith    .     v - +0 buckler
rPois  +         Spirit   +     (helmet restricted)
rElec  .         Reflect  .     E - +0 cloak
rCorr  .         Harm     .     o - +0 pair of gloves
MR     +....     Clarity  +     (no boots)
Stlth  ++++++....               k - amulet of guardian spirit
                                y - ring of poison resistance
                                n - ring of wizardry

@: lethally poisoned (-10 -> -12), wreathed by umbra
A: antennae 2, molten scales 2, clarity, cold resistance 1, magic resistance 1,
nightstalker 2
a: Shadow Step, Renounce Religion


You were on level 10 of the Dungeon.
You worshipped Dithmenos.
Dithmenos was most pleased with you.
You were not hungry.

You visited 2 branches of the dungeon, and saw 12 of its levels.

You collected 365 gold pieces.

Inventory:

Hand Weapons
 a - a +0 broad axe (weapon)
 b - a +0 hunting sling
Missiles
 e - 2 tomahawks of dispersal (quivered)
 g - 353 stones
 u - 3 throwing nets
 I - 5 sling bullets
Armour
 j - a +2 robe of positive energy (worn)
 o - a +0 pair of gloves (worn)
 q - a +0 troll leather armour
 v - a +0 buckler (worn)
 E - a +0 cloak (worn)
Magical Staves
 Q - an uncursed staff of conjuration
 S - an uncursed staff of air
Jewellery
 k - an amulet of guardian spirit (around neck)
 n - a ring of wizardry (left hand)
 y - a ring of poison resistance (right hand)
 B - an uncursed ring of wizardry
 G - an uncursed ring of fire
Wands
 X - a wand of polymorph (11/24)
Scrolls
 m - 5 scrolls of enchant armour
 s - 3 scrolls of fog
 w - a scroll of holy word {unknown}
 x - a scroll of remove curse {unknown}
 D - a scroll of immolation
 J - a scroll of amnesia
 M - a scroll of fear {unknown}
 P - a scroll of recharging {unknown}
 V - a scroll of magic mapping {unknown}
 Y - a scroll of silence {unknown}
Potions
 i - 2 potions of resistance
 p - a potion of cure mutation
 O - a potion of cancellation
Books
 c - a book of Spatial Translocations

   Spells                             Type                      Level
   a - Blink                          Translocation                2
   b - Shroud of Golubria             Charms/Translocation         2
   c - Lesser Beckoning               Translocation                3
   d - Portal Projectile              Translocation                3
   e - Teleport Other                 Translocation                3
   f - Passage of Golubria            Translocation                4
 d - a Young Poisoner's Handbook

   Spells                             Type                      Level
   a - Sting                          Conjuration/Poison           1
   b - Mephitic Cloud                 Conjuration/Poison/Air       3
   c - Olgreb's Toxic Radiance        Poison                       4
   d - Alistair's Intoxication        Transmutation/Poison         5
   e - Venom Bolt                     Conjuration/Poison           5
 h - a book of Misfortune

   Spells                             Type                      Level
   a - Confusing Touch                Hexes                        1
   b - Confuse                        Hexes                        3
   c - Gell's Gravitas                Hexes/Translocation          3
   d - Petrify                        Transmutation/Earth          4
   e - Metabolic Englaciation         Hexes/Ice                    5
   f - Yara's Violent Unravelling     Hexes/Transmutation          5
 t - a book of Cantrips

   Spells                             Type                      Level
   a - Confusing Touch                Hexes                        1
   b - Animate Skeleton               Necromancy                   1
   c - Summon Small Mammal            Summoning                    1
   d - Apportation                    Translocation                1
 L - a book of Air

   Spells                             Type                      Level
   a - Shock                          Conjuration/Air              1
   b - Swiftness                      Charms/Air                   2
   c - Repel Missiles                 Charms/Air                   2
   d - Static Discharge               Conjuration/Air              3
   e - Lightning Bolt                 Conjuration/Air              5
 N - a book of the Dragon

   Spells                             Type                      Level
   a - Flame Tongue                   Conjuration/Fire             1
   b - Cause Fear                     Hexes                        4
   c - Bolt of Fire                   Conjuration/Fire             6
   d - Dragon Form                    Transmutation                7
   e - Dragon's Call                  Summoning                    9
 T - a book of Debilitation

   Spells                             Type                      Level
   a - Corona                         Hexes                        1
   b - Slow                           Hexes                        2
   c - Gell's Gravitas                Hexes/Translocation          3
   d - Inner Flame                    Hexes/Fire                   3
   e - Cause Fear                     Hexes                        4
   f - Leda's Liquefaction            Hexes/Earth                  4
Comestibles
 f - 16 bread rations
 l - 6 chunks of flesh
 F - a meat ration
 H - 4 fruits


   Skills:
 - Level 7.0 Fighting
 * Level 12.0 Axes
 - Level 0.8 Throwing
 - Level 3.0 Armour
 - Level 1.7 Dodging
 - Level 3.8 Stealth
 - Level 4.0 Shields
 - Level 2.5 Spellcasting
 - Level 2.0 Charms
 - Level 2.5 Summonings
 - Level 3.8 Translocations


You had 2 spell levels left.
You knew the following spells:

 Your Spells              Type           Power        Failure   Level  Hunger
a - Blink                 Tloc           N/A          3%          2    ##.....
b - Shroud of Golubria    Chrm/Tloc      ##........   4%          2    ##.....
c - Lesser Beckoning      Tloc           ###.......   6%          3    ###....
d - Animate Skeleton      Necr           N/A          7%          1    #......
e - Summon Small Mammal   Summ           ##..         3%          1    #......
f - Shock                 Conj/Air       #...         7%          1    #......
g - Repel Missiles        Chrm/Air       #.....       7%          2    ##.....
h - Corona                Hex            #......      7%          1    #......


Dungeon Overview and Level Annotations

Branches:
Dungeon (11/15)            Temple (1/1) D:5            Lair (0/6) D:10
    Orc: D:9-12

Altars:
Ashenzari
Cheibriados
Dithmenos
Elyvilon
Fedhas
Gozag
Hepliaklqana
Kikubaaqudgha
Makhleb
Nemelex Xobeh
Okawaru
Qazlal
Ru
Sif Muna
Trog
Uskayaw
Vehumet
Xom
Zin
The Shining One

Shops:
D:4 (   D:6 (   D:8 }   D:11 (

Annotations:
D:5 Prince Ribbit


Innate Abilities, Weirdness & Mutations

You have a pair of antennae on your head.
You are mostly covered in molten scales. (AC +3)
You are significantly more attuned to the shadows.
You possess an exceptional clarity of mind.
Your flesh is cold resistant. (rC+)
You are resistant to hostile enchantments. (MR+)


Message History

You closely miss the killer bee.
The killer bee is almost dead.
You feel sick. The killer bee barely misses you.
The killer bee stings you but does no damage.
You miss the killer bee.
The killer bee is almost dead.
You block the killer bee's attack. x2
You slash the killer bee!
The killer bee explodes!
The fiery explosion engulfs you!
* * * LOW HITPOINT WARNING * * *
The fiery explosion engulfs the killer bee.
The killer bee explodes!
The fiery explosion engulfs the killer bee.
The killer bee explodes!
Dithmenos accepts your kill.
Your Axes skill increases to level 12!
Dithmenos accepts your kill. x2
You are engulfed in roaring flames.
You die...

#.# .. # ## { ... .#
{ .... ..# ### ....
#.. ###@##H..P #.#
#..8§§# #.####
#..§§§# ##....
#..§§§# ##.####
#.....# ####.##
#.....#####.#.######
######......†.......
#......########
#8.....#


There were no monsters in sight!

Vanquished Creatures
  Erolcha (D:9)
  4 two-headed ogres
  Pikel (D:4)
  A komodo dragon (D:10)
  A troll (D:10)
  Sigmund (D:8)
  A spriggan (D:7)
  A black bear (D:8)
  3 slaves
  5 ogres
  3 sky beasts
  5 centaurs
  A crocodile (D:10)
  3 bullfrogs
  3 scorpions
  10 killer bees
  A water moccasin skeleton (D:8)
  8 wights
  4 jellies
  A howler monkey (D:7)
  4 crimson imps
  2 quasits
  A centaur zombie (D:9)
  Crazy Yiuf (D:6)
  3 orc priests
  7 hounds
  5 orc wizards
  2 centaur skeletons
  3 iguanas
  8 worker ants
  A hound zombie (D:8)
  A howler monkey zombie (D:5)
  2 worker ant zombies
  4 gnolls
  10 adders
  An adder skeleton (D:5)
  5 worms
  2 dart slugs
  4 leopard geckos
  30 orcs
  2 ball pythons
  5 giant cockroaches
  10 goblins
  13 hobgoblins
  10 jackals
  10 kobolds
  6 quokkas
  7 bats
  5 frilled lizards
  A leopard gecko skeleton (D:7)
  A leopard gecko zombie (D:7)
  4 quokka skeletons
  11 rats
  3 plants (D:11)
242 creatures vanquished.

Vanquished Creatures (collateral kills)
  3 sky beasts
  An eye of draining (D:9)
  A centaur (D:7)
  A bullfrog (D:6)
  3 killer bees (D:10)
  2 wights (D:8)
  A howler monkey (D:6)
  An orc priest (D:8)
  A worker ant (D:10)
  3 gnolls
  2 orcs (D:8)
19 creatures vanquished.

Vanquished Creatures (others)
  An orc wizard (D:3)
  A plant (D:10)
2 creatures vanquished.

Grand Total: 263 creatures vanquished

Notes
Turn   | Place    | Note
-------+----------+-------------------------------------------
     0 | D:1      | FitzyFitz the Demonspawn Warper began the quest for the Orb.
     0 | D:1      | Reached XP level 1. HP: 16/16 MP: 3/3
   387 | D:1      | Gained mutation: You have a pair of small antennae on your head. [demonic ancestry]
   387 | D:1      | Reached XP level 2. HP: 15/23 MP: 5/5
  1542 | D:1      | Learned a level 2 spell: Blink
  1545 | D:1      | Learned a level 2 spell: Shroud of Golubria
  1585 | D:2      | Gained mutation: You are partially covered in molten scales. (AC +2) [demonic ancestry]
  1585 | D:2      | Reached XP level 3. HP: 29/29 MP: 6/6
  2746 | D:2      | Gained mutation: You are slightly more attuned to the shadows. [demonic ancestry]
  2746 | D:2      | Reached XP level 4. HP: 38/38 MP: 7/7
  3278 | D:2      | Learned a level 3 spell: Lesser Beckoning
  3475 | D:3      | Found a faded altar of an unknown god.
  3504 | D:3      | Reached skill level 2 in Axes
  3985 | D:3      | Found a deep blue altar of Sif Muna.
  4337 | D:4      | Found Zamuab Loah's Weapon Emporium.
  4356 | D:4      | Gained mutation: You have a pair of antennae on your head. [demonic ancestry]
  4356 | D:4      | Reached XP level 5. HP: 32/43 MP: 8/8
  4415 | D:4      | Reached skill level 3 in Axes
  4602 | D:4      | Found a sparkling altar of Nemelex Xobeh.
  4808 | D:4      | Noticed a slave
  4905 | D:4      | Gained mutation: You possess an exceptional clarity of mind. [potion of mutation]
  4905 | D:4      | Gained mutation: Your flesh is cold resistant. (rC+) [potion of mutation]
  4905 | D:4      | Gained mutation: You are resistant to hostile enchantments. (MR+) [potion of mutation]
  4958 | D:4      | Noticed a slave
  4958 | D:4      | Noticed a slave
  4959 | D:4      | Noticed a slave
  4960 | D:4      | Noticed Pikel
  4984 | D:3      | Killed a slave
  5220 | D:4      | Noticed an ogre
  5271 | D:4      | Killed an ogre
  5271 | D:4      | Reached XP level 6. HP: 27/49 MP: 6/9
  5438 | D:5      | Entered Level 5 of the Dungeon
  5485 | D:5      | Learned a level 1 spell: Animate Skeleton
  5531 | D:3      | Killed a slave
  5932 | D:5      | Reached skill level 4 in Axes
  5987 | D:5      | Found a staircase to the Ecumenical Temple.
  6021 | Temple   | Entered the Ecumenical Temple
  6213 | Temple   | Became a worshipper of Dithmenos the Shadowed
  6332 | D:5      | Found a snail-covered altar of Cheibriados.
  6334 | D:5      | Found an iron altar of Okawaru.
  6362 | D:5      | Found a shattered altar of Ashenzari.
  6818 | D:4      | Killed a slave
  6990 | D:6      | Noticed Prince Ribbit
  6992 | D:6      | Identified a +0 rod of ignition (10/10) (You found it on level 6 of the Dungeon)
  7004 | D:5      | Learned a level 1 spell: Summon Small Mammal
  7279 | D:5      | Reached skill level 5 in Axes
  7279 | D:5      | Reached skill level 1 in Summonings
  7279 | D:5      | Reached XP level 7. HP: 30/55 MP: 4/10
  7851 | D:6      | Reached skill level 6 in Axes
  8080 | D:6      | Found an opulent altar of Gozag.
  8288 | D:6      | Found Diroz's Weapon Emporium.
  8406 | D:6      | Found a runed door.
  8414 | D:6      | Noticed Crazy Yiuf
  8437 | D:6      | Killed Crazy Yiuf
  8460 | D:6      | Learned a level 1 spell: Shock
  8706 | D:6      | Gained mutation: You are mostly covered in molten scales. (AC +3) [demonic ancestry]
  8706 | D:6      | Reached XP level 8. HP: 44/61 MP: 5/11
  9159 | D:7      | Reached skill level 7 in Axes
  9351 | D:7      | Reached skill level 1 in Shields
  9687 | D:7      | Noticed a moth of wrath
  9696 | D:7      | Found a bloodstained altar of Trog.
  9721 | D:7      | Reached * piety under Dithmenos
 10535 | D:7      | Reached skill level 1 in Stealth
 10579 | D:7      | Reached skill level 1 in Charms
 10646 | D:7      | Reached skill level 1 in Armour
 10820 | D:6      | Reached skill level 8 in Axes
 11087 | D:4      | Killed Pikel
 11087 | D:4      | Reached XP level 9. HP: 63/66 MP: 9/12
 12705 | D:8      | Reached skill level 9 in Axes
 13049 | D:8      | Reached ** piety under Dithmenos
 13050 | D:8      | Found Quur's Gadget Emporium.
 13453 | D:8      | Noticed Sigmund
 13475 | D:8      | Killed Sigmund
 13676 | D:8      | Noticed a two-headed ogre
 13700 | D:8      | Killed a two-headed ogre
 13700 | D:8      | Reached skill level 5 in Fighting
 14165 | D:8      | Noticed a two-headed ogre
 14433 | D:7      | Gained mutation: You are significantly more attuned to the shadows. [demonic ancestry]
 14433 | D:7      | Reached XP level 10. HP: 67/74 MP: 5/13
 14524 | D:8      | Killed a two-headed ogre
 14524 | D:8      | Reached skill level 10 in Axes
 15167 | D:9      | Reached *** piety under Dithmenos
 15189 | D:9      | Found a bloodstained altar of Trog.
 15383 | D:9      | Noticed Erolcha
 15404 | D:9      | Killed Erolcha
 15519 | D:9      | Learned a level 2 spell: Repel Missiles
 15828 | D:10     | Entered Level 10 of the Dungeon
 15920 | D:10     | Noticed a two-headed ogre
 16212 | D:10     | Reached skill level 11 in Axes
 16623 | D:11     | Found Mycrer's Weapon Emporium.
 16712 | D:11     | Learned a level 1 spell: Corona
 16815 | D:11     | Noticed a two-headed ogre
 16825 | D:11     | Killed a two-headed ogre
 17693 | D:10     | Killed a two-headed ogre
 17766 | D:10     | Found a staircase to the Lair.
 17806 | D:10     | Reached XP level 11. HP: 44/84 MP: 3/14
 18132 | D:10     | Reached skill level 12 in Axes
 18132 | D:10     | Engulfed by a cloud of flame

Vault maps used:
D:1:      elethiomel_arrival_shortcut
D:3:      chequers_ecumenical_altar_simple, led_sif_book
D:4:      nemelex_altar_shiori, serial_shops, shop, uniq_pikel
D:5:      nicolae_overflow_hidden_temple, first_bread
D:6:      basic_altar, serial_shops, shop, minmay_misc_feat_cross,
          uniq_prince_ribbit1, uniq_crazy_yiuf_cottage
D:7:      the_bakery, tgw_trog
D:8:      serial_shops, shop, sigmund_army
D:9:      trog_hazing_becter, uniq_erolcha
D:10:     david_lair_shrubbed, wad_dig_loot
D:11:     orc_david_3, serial_shops, shop, serial_bayou_pond_c
Temple:   kb_temple_of_zot

Skill      XL: |  1  2  3  4  5  6  7  8  9 10 11 |
---------------+----------------------------------+-----
Fighting       | 3 4 5 7 |  7.0
Axes           | 2 3 5 6 8 9 11 12 | 12.0
Translocations | 3 |  3.8
Summonings     | 1 2 |  2.5
Shields        | 3 4 |  4.0
Stealth        | 2 3 |  3.8
Charms         | 2 |  2.0
Armour         | 2 3 |  3.0
Throwing       | |  0.8
Dodging        | |  1.7
Spellcasting   | |  2.5

Action                   |  1- 3 |  4- 6 |  7- 9 | 10-12 || total
-------------------------+-------+-------+-------+-------++-------
Melee: Hand axe          |   175 |     4 |       |       ||   179
       War axe           |       |   271 |   155 |       ||   426
       Broad axe         |       |       |   282 |   327 ||   609
 Fire: Hunting sling     |     7 |     7 |     6 |       ||    20
Throw: Tomahawk          |       |     4 |    11 |     1 ||    16
 Cast: Shroud of Golubri |     5 |    15 |    23 |     9 ||    52
       Blink             |       |     1 |     5 |     6 ||    12
       Summon Small Mamm |       |       |    68 |    32 ||   100
       Animate Skeleton  |       |       |    18 |    19 ||    37
       Shock             |       |       |    27 |       ||    27
       Lesser Beckoning  |       |       |     5 |     1 ||     6
Evoke: Wand              |       |    13 |     2 |       ||    15
  Use: Potion            |       |     6 |     3 |    10 ||    19
       Scroll            |       |    11 |     3 |     5 ||    19
 Stab: Sleeping          |       |     1 |     3 |    10 ||    14
       Distracted        |       |     1 |     2 |     2 ||     5
       Invisible         |       |       |       |     1 ||     1
  Eat: Chunk             |     6 |     9 |    12 |       ||    27
       Meat ration       |       |     2 |     1 |     2 ||     5
       Pizza             |       |     1 |     1 |       ||     2
       Beef jerky        |       |       |     3 |       ||     3
       Royal jelly       |       |       |       |     2 ||     2
Armor: Leather armour    |    74 |   105 |   193 |       ||   372
       Skin              |       |     4 |     2 |       ||     6
       Robe              |       |       |     3 |   110 ||   113
Dodge: Dodged            |   133 |   177 |   335 |   277 ||   922
Block: Buckler           |       |       |    77 |    96 ||   173
